AoeStats
← NF I Odysseo

Arabia

510940449Analyzed
4v4 RM · 5h ago on Oct 3, 2026· 52m 26s· 8 players
Game mode
Random Map
Map size
Large (8 player)
Population
200
Speed
Normal
Resources
Standard
Victory
Conquest
Starting age
Dark Age
Ending age
Imperial Age
RankedLock teamsTeams togetherTeam positionsShared explorationLock speedFull tech treeHidden civsTurbo modeCheats
Victory
Defeat
🇲🇽 Ethiopians · Mexico
1414
+15
🇲🇽 Varangians · Mexico
1397
+16
🇲🇽 Danes · Mexico
1374
+16
🇲🇽 Saxons · Mexico
1221
+22
🇧🇷 Koreans · Brazil
1393
-18
🇩🇿 Huns · Algeria
1383
-17
🇨🇦 Persians · Canada
1378
-17
🇨🇦 Ethiopians · Canada
1377
-17
CSA_HW_Mercer
6:29 Loom
9:18 Feudal Age
12:49 Fletching
18:29 Padded Archer Armor
23:35 Castle Age
23:00 Double-Bit Axe
23:38 Crossbowman
24:29 Bodkin Arrow
25:46 Bow Saw
28:44 Wheelbarrow
31:32 Arson
35:02 Gold Mining
35:25 Fortified Wall
39:54 Imperial Age
39:45 Ballistics
40:03 Arbalester
41:47 Chemistry
41:10 Bracer
42:28 Conscription
43:55 Leather Archer Armor
45:12 Ring Archer Armor
45:45 Halberdier
46:55 Scale Mail Armor
47:05 Forging
47:36 Thumb Ring
47:09 Halberdier
48:04 Squires
mini_mike
9:23 Feudal Age
9:44 Loom
10:13 Double-Bit Axe
15:23 Forging
21:49 Castle Age
20:29 Bloodlines
20:27 Scale Barding Armor
22:40 Chain Barding Armor
22:23 Husbandry
24:31 Iron Casting
25:06 Gold Mining
27:40 Wheelbarrow
27:18 Bow Saw
31:54 Hand Cart
31:21 Horse Collar
34:13 Stone Mining
34:24 Heavy Plow
37:28 Town Watch
41:01 Gold Shaft Mining
44:07 Imperial Age
45:05 Plate Barding Armor
43:53 Heavy Camel Rider
46:01 Blast Furnace
48:51 Cavalier
50:05 Savar
Muniz
3:51 Loom
10:21 Feudal Age
11:03 Double-Bit Axe
12:08 Town Watch
20:35 Fletching
38:46 Castle Age
41:37 Bow Saw
45:18 Wheelbarrow
44:29 Horse Collar
45:53 Crossbowman
47:30 Bodkin Arrow
48:13 Thumb Ring
51:58 Ballistics
WololoMyEx
3:24 Loom
10:27 Feudal Age
11:03 Double-Bit Axe
11:45 Horse Collar
17:57 Scale Barding Armor
18:55 Wheelbarrow
22:43 Castle Age
21:11 Bloodlines
22:17 Forging
23:35 Light Cavalry
30:43 Chain Barding Armor
40:29 Heavy Plow
43:08 Iron Casting
46:49 Imperial Age
44:58 Hand Cart
45:27 Scale Mail Armor
45:19 Pikeman
45:59 Squires
47:26 Arson
47:59 Chain Mail Armor
48:07 Halberdier
NF I Odysseo
7:34 Loom
9:33 Feudal Age
11:01 Double-Bit Axe
13:00 Man-at-Arms
24:05 Fletching
24:16 Padded Archer Armor
24:27 Forging
27:38 Castle Age
27:39 Elite Skirmisher
31:55 Wheelbarrow
34:25 Bow Saw
36:05 Horse Collar
36:33 Bodkin Arrow
36:40 Scale Mail Armor
37:26 Squires
37:56 Gold Mining
38:04 Stone Mining
43:53 Chain Mail Armor
45:12 Gambesons
46:09 Leather Archer Armor
46:30 Iron Casting
47:39 Thumb Ring
El Cacas Vengador
6:05 Loom
8:55 Feudal Age
19:43 Forging
20:30 Scale Barding Armor
26:48 Castle Age
25:42 Gold Mining
25:41 Double-Bit Axe
26:54 Light Cavalry
27:46 Husbandry
33:43 Scale Mail Armor
34:14 Royal Heirs
40:05 Squires
40:44 Chain Mail Armor
DLM15
6:13 Loom
8:56 Feudal Age
9:29 Double-Bit Axe
14:26 Bloodlines
15:47 Scale Barding Armor
16:15 Horse Collar
17:56 Forging
21:37 Wheelbarrow
24:10 Castle Age
22:16 Town Watch
22:53 Gold Mining
24:36 Light Cavalry
25:49 Chain Barding Armor
25:59 Bow Saw
26:46 Iron Casting
29:36 Husbandry
31:49 Heavy Plow
41:21 Imperial Age
41:47 Hand Cart
41:27 Stone Mining
42:42 Plate Barding Armor
41:29 Cavalier
42:19 Town Patrol
47:00 Scale Mail Armor
48:00 Blast Furnace
46:54 Elite Varangian Guard
47:35 Squires
48:47 Chain Mail Armor
49:59 Gambesons
50:00 Arson
50:47 Plate Mail Armor
50:35 Hussar
FERGA LARGA
7:28 Loom
7:33 Loom
10:12 Feudal Age
14:55 Castle Age
14:18 Double-Bit Axe
15:55 Scale Mail Armor
26:46 Chain Mail Armor
29:20 Forging
29:26 Horse Collar
32:47 Iron Casting
34:05 Hamask
40:15 Bow Saw
47:34 Imperial Age
47:06 Squires
46:55 Arson
47:52 Elite Jomsviking
49:09 Plate Mail Armor
49:22 Conscription
Connection lost

Rejoining the realm…

Still unreachable

The connection could not be restored.

Session expired

The server has moved on; the page needs a fresh start.